 Dungeon Crawl Stone Soup version 0.30-a0-358-g0d69a1922f (webtiles) character file.

Game seed: 13974108338847017779

226 koil the Sneak (level 5, 0/38 HPs)
             Began as a Vampire Enchanter on Nov 10, 2022.
             Killed by divine providence
             ... invoked by an orc priest
              (12 damage)
             ... on level 4 of the Dungeon.
             The game lasted 00:08:44 (2938 turns).

koil the Sneak (Vampire Enchanter)                  Turns: 2938, Time: 00:08:45

Health: 0/38       AC:  7    Str:  7    XL:     5   Next: 69%
Magic:  9/9        EV: 13    Int: 19    God:
Gold:   152        SH:  0    Dex: 21    Spells: 4/9 levels left

rFire   . . .      SeeInvis +    a - +1 dagger
rCold   . . .      Faith    .    (no shield)
rNeg    . . .      Spirit   .    t - +3 leather armour
rPois   .          Reflect  .    m - +0 helmet
rElec   .          Harm     .    (no cloak)
rCorr   .          Rampage  .    (no gloves)
Will    .....                    (no boots)
Stlth   +++.......               (no amulet)
HPRegen 0.46/turn                r - +6 ring of dexterity
MPRegen 0.11/turn                (no ring)

@: healing quickly
A: alive, fangs 3, see invisible, vampiric 2
a: Exsanguinate


You were on level 4 of the Dungeon.
You visited 1 branch of the dungeon, and saw 4 of its levels.

You collected 152 gold pieces.

Inventory:

Hand Weapons
 a - a +1 dagger (weapon)
 o - a +0 vampiric dagger
Armour
 b - a +0 robe
 m - a +0 helmet (worn)
 p - the +1 ring mail "Eptolafa" {Regen+ rCorr MP+9 Int-4}
   (You found it on level 3 of the Dungeon)

   Int:       It affects your intelligence (-4).
   MP:        It affects your magic capacity (+9).
   Regen:     It increases your rate of health regeneration.
   rCorr:     It protects you from acid and corrosion.
 t - a +3 leather armour (worn)
Jewellery
 r - a +6 ring of dexterity (left hand)
Wands
 q - a wand of flame (11)
Scrolls
 d - a scroll of blinking {unknown}
 e - a scroll of amnesia {unknown}
 f - 3 scrolls of identify {unknown}
 i - a scroll of teleportation {unknown}
 n - a scroll of torment {unknown}
 u - a scroll of summoning {unknown}
Potions
 c - 3 potions of invisibility
 g - 3 potions of brilliance {unknown}
 h - 2 potions of degeneration {unknown}
 j - 2 potions of curing {unknown}
 k - 2 potions of lignification {unknown}
 l - a potion of heal wounds {unknown}
 s - 2 potions of mutation {unknown}


   Skills:
 + Level 1.7 Fighting
 + Level 2.6 Short Blades
 + Level 3.3 Dodging
 + Level 5.7 Stealth
 + Level 2.8 Spellcasting
 + Level 5.5 Hexes


You had 4 spell levels left.
You knew the following spells:

 Your Spells              Type           Power      Damage    Failure   Level
a - Ensorcelled Hibernat  Hex/Ice        26%        N/A       11%         2
b - Confusing Touch       Hex            23%        N/A       7%          3

Your spell library contained the following spells:

 Spells                   Type           Power      Damage    Failure   Level
 Tukima's Dance           Hex            23%        N/A       7%          3
 Dazzling Flash           Conj/Hex       26%        N/A       22%         3


Dungeon Overview and Level Annotations

Branches:
Dungeon (4/15)
 Temple: D:4-7

Altars:
Vehumet

Shops:
D:2 (   D:4 *


Innate Abilities, Weirdness & Mutations

Your natural rate of healing is accelerated.
You have razor-sharp teeth.
You have supernaturally acute eyesight. (SInv)
You are afflicted with vampirism and can become a bat while bloodless.


Message History

The orc hits you with a +0 dagger. The quokka attacks as you move away!
The quokka bites you but does no damage.
The orc priest invokes the aid of Beogh against you.
Beogh smites you! The quokka barely misses you.
You barely miss the quokka. The quokka closely misses you.
You hit the quokka.
The quokka is lightly wounded.
The quokka misses you.
You hit the quokka.
The quokka is moderately wounded.
The quokka bites you.
You completely miss the quokka. Your bite misses the quokka.
The quokka is moderately wounded.
The quokka bites you. The quokka attacks as you move away!
The quokka closely misses you. The orc hits you but does no damage.
The quokka closely misses you. The quokka attacks as you move away!
The quokka barely misses you. The quokka closely misses you.
The quokka attacks as you move away! The quokka closely misses you.
The quokka bites you but does no damage.
The orc shouts!
You hit the quokka.
You kill the quokka!
You swing at nothing.
The orc priest invokes the aid of Beogh against you.
Beogh smites you!
The orc priest calls down the wrath of Beogh upon you.
Beogh smites you!
You completely miss the orc. The orc hits you but does no damage.
You closely miss the orc. The orc closely misses you.
You hit the orc. You bite the orc.
You kill the orc!
You swing at nothing.
The orc priest begins to cast a cantrip, but forgets the words!
You closely miss the orc. The orc hits you with a +0 dagger.
The orc priest mumbles some strange prayers to Beogh against you.
Beogh smites you!
You die...

##.# #..## #...## #
#†..### .#
##.....### #.#
##...##...##..##
#....###.......##
############....#
##........
####........oo@...##
#........
..).....)...o##..##
###).......
##......#########
##....######
###...## #....##
#...o### #...##
##....oo## #..##
#......o.## #...###
#....)....##
#.....#### #
♣♣♣♣♣####..##
#........###


You could see an orc priest and 2 orcs.

Vanquished Creatures
  A necrophage (D:4)
  An orc priest (D:3)
  3 adders
  4 worms
  A dart slug (D:1)
  8 orcs
  13 endoplasms
  A giant cockroach (D:2)
  7 goblins
  9 hobgoblins
  6 jackals
  7 kobolds
  4 quokkas
  5 ball pythons
  4 bats
  10 frilled lizards
  6 rats
90 creatures vanquished.

Notes
Turn   | Place    | Note
-------+----------+-------------------------------------------
     0 | D:1      | koil the Vampire Enchanter began the quest for the Orb.
     0 | D:1      | Reached XP level 1. HP: 13/13 MP: 3/3
   132 | D:1      | Reached XP level 2. HP: 19/19 MP: 5/5
   135 | D:1      | Learned a level 2 spell: Ensorcelled Hibernation
   694 | D:2      | Gained mutation: You are afflicted with vampirism and can
                  | become a bat while bloodless. [Vampire growth]
   694 | D:2      | Reached XP level 3. HP: 25/25 MP: 6/6
   712 | D:2      | HP: 5/25 [jackal (2)]
  1030 | D:2      | Found Repyxu's Weapon Boutique.
  1074 | D:2      | Reached skill level 1 in Fighting
  1163 | D:2      | Reached skill level 5 in Hexes
  1258 | D:2      | Reached skill level 5 in Stealth
  1576 | D:2      | Reached XP level 4. HP: 32/32 MP: 7/7
  1685 | D:2      | Learned a level 3 spell: Confusing Touch
  2315 | D:3      | Reached XP level 5. HP: 34/37 MP: 8/8
  2322 | D:3      | Identified the +1 ring mail "Eptolafa" {Regen+ rCorr MP+9
                  | Int-4}
  2395 | D:3      | Found a radiant altar of Vehumet.
  2897 | D:4      | Found Uppo's Gadget Gallery.
  2938 | D:4      | Killed from afar by an orc priest

Illustrated notes

Levels and vault maps discovered:
D:1:      mainiacjoe_arrival_reflecting_pool, layout_basic, minmay_crystal_room,
          hangedman_decor_slide_cut
D:2:      layout_loops_corners, serial_shops, nicolae_shop_hallway_plus,
          minmay_3d_cube
D:3:      layout_rooms, vehumet_altar_wand_db, kennysheep_generic_room_12
D:4:      layout_layer_cave, mainiacjoe_overflow_alcove_1, nicolae_shop_gadgets,
          uniq_crazy_yiuf_cottage

Skill      XL: |  1  2  3  4 |
---------------+-------------+-----
Fighting       | 1 |  1.7
Hexes          | 5 |  5.5
Stealth        | 5 |  5.7
Short Blades   | 2 |  2.6
Dodging        | 3 |  3.3
Spellcasting   | |  2.8

Action                   |  1- 3 |  4- 6 || total
-------------------------+-------+-------++-------
Melee: Dagger            |   111 |   113 ||   224
       Bite              |     9 |    13 ||    22
       Punch             |     1 |     1 ||     2
 Cast: Ensorcelled Hiber |    17 |    14 ||    31
       Confusing Touch   |       |     1 ||     1
 Stab: Sleeping          |    24 |    14 ||    38
       Confused          |       |     2 ||     2
Armor: Robe              |    15 |    16 ||    31
       Leather armour    |       |    12 ||    12
Dodge: Dodged            |    53 |    79 ||   132

Table legend: (Time is in decaauts)
 A = Elapsed time spent in this place.
 B = Non-inter-level travel time spent in this place.
 C = Inter-level travel time spent in this place.
 D = Time resting spent in this place.
 E = Time spent auto-exploring this place.
 F = Levels seen in this place.
 G = Mean time per level.
                   A        B        C        D        E       F      G
               +--------+--------+--------+--------+--------+-----+--------+
         Total |   2920 |   2897 |     23 |    152 |   2006 |   4 |  730.0 |
       Dungeon |   2920 |   2897 |     23 |    152 |   2006 |   4 |  730.0 |
               +--------+--------+--------+--------+--------+-----+--------+

Top non-repeatable levels by time:
     D:2: 1270 daAuts
     D:3: 743 daAuts
     D:1: 595 daAuts
     D:4: 311 daAuts
